 Dungeon Crawl Stone Soup version 0.26-a0-146-g24f6d3962c (webtiles) character file.

Game seed: 9972907973525286397

28 Flugslaktarn the Chiller (level 3, 13/21 HPs)
             Began as an Octopode Ice Elementalist on June 29, 2020.
             Was a Follower of Qazlal.
             Quit the game on level 2 of the Dungeon.
             The game lasted 00:01:49 (293 turns).

Flugslaktarn the Chiller (Octopode Ice Elementalist) Turns: 293, Time: 00:01:50

Health: 13/21      AC:  1    Str:  7    XL:     3   Next: 14%
Magic:  5/7        EV: 13    Int: 18    God:    Qazlal [*.....]
Gold:   0          SH:  1    Dex: 12    Spells: 3/7 levels left

rFire    . . .     SeeInvis .   d - +0 quarterstaff
rCold    . . .     Faith    .   (shield currently unavailable)
rNeg     . . .     Spirit   .   (helmet restricted)
rPois    .         Reflect  .   (no amulet)
rElec    .         Harm     .   (no ring)
rCorr    .                      (no ring)
MR       .....                  (no ring)
Stlth    +++.......             (no ring)
HPRegen  0.07/turn              (no ring)
MPRegen  0.10/turn              (no ring)
                                (no ring)
                                (no ring)

@: no status effects
A: almost no armour, stealthy swim, amphibious, 8 rings, constrict 8, camouflage
1, gelatinous body 1
a: Renounce Religion


You were on level 2 of the Dungeon.
You worshipped Qazlal.
Qazlal was aware of your devotion.
You were not hungry.

You visited 1 branch of the dungeon, and saw 2 of its levels.

Inventory:

Hand Weapons
 a - a +0 dagger
   (You took it off a kobold on level 1 of the Dungeon)
 d - a +0 quarterstaff (weapon)
   (You found it on level 2 of the Dungeon)
Missiles
 c - 15 stones (quivered)
 f - a throwing net
Wands
 e - a wand of paralysis (7)
   (You found it on level 2 of the Dungeon)
Scrolls
 g - a scroll of identify {unknown}
Comestibles
 b - a ration


   Skills:
 - Level 2.0 Dodging
 - Level 2.6 Stealth
 + Level 2.7 Spellcasting
 + Level 4.5 Ice Magic


You had 3 spell levels left.
You knew the following spells:

 Your Spells              Type           Power        Failure   Level  Hunger
a - Freeze                Ice            ###.         2%          1    #......
b - Frozen Ramparts       Ice            ###...       8%          3    ###....

Your spell library contained the following spells:

 Spells                   Type           Power        Failure   Level  Hunger
 Ozocubu's Armour         Chrm/Ice       ##......     21%         3    ###....
 Hailstorm                Conj/Ice       ##......     54%         4    #####..
 Summon Ice Beast         Ice/Summ       ##......     54%         4    #####..


Dungeon Overview and Level Annotations

Branches:
Dungeon (2/15)

Altars:
Qazlal
Zin


Innate Abilities, Weirdness & Mutations

You cannot wear most types of armour.
You are very stealthy in the water. (Stealth+)
You are amphibious.
You can wear up to eight rings at the same time.
You can use your tentacles to constrict eight enemies at once.
Your skin changes colour to match your surroundings (Stealth+).
Your rubbery body absorbs attacks. (AC +1, EV +1)


Message History

Unknown command.
Found a scroll labeled LUWKIU FAHULLA.
g - a scroll labeled LUWKIU FAHULLA A rat comes into view.
Found a faded altar of an unknown god.
A frilled lizard and a hobgoblin come into view.
The frilled lizard hisses angrily.
The hobgoblin shouts!
You hear a shout!
A goblin comes into view.
A kobold comes into view. It is wielding a +0 dagger.
Casting: Freeze (safe; 2% risk of failure)
Confirm with . or Enter, or press ? or * to list all spells.
The spell is quite dangerous to cast (9% risk of failure)!
Continue anyway?
The walls around you are covered in ice.
The wall freezes the hobgoblin.
You kill the hobgoblin!
Unknown command.
The wall freezes the frilled lizard.
The frilled lizard seems to slow down.
The frilled lizard is no longer moving slowly.
The wall freezes the rat.
You kill the rat!
Unknown command.
The kobold throws a stone.
The stone barely misses you. The frilled lizard misses you.
You hit the frilled lizard.
You kill the frilled lizard!
Unknown command.
A goblin opens the door.
The wall freezes the kobold.
You kill the kobold!
You see here a rat corpse.
Unknown command.
You see here a hobgoblin corpse.
The frozen ramparts melt away.
The goblin splashes around in the water.
You see here a +0 dagger.
You hit the goblin. Your grab misses the goblin.
The goblin is moderately wounded.
The goblin splashes around in the water.
The goblin barely misses you.
You closely miss the goblin. Your grab misses the goblin.
The goblin is moderately wounded.
The goblin closely misses you.
You hit the goblin.
You kill the goblin!
There is a faded altar of an unknown god here.
You cannot tell which god this altar belongs to.
Convert to them anyway?
Qazlal accepts your prayer! Qazlal welcomes you!
Qazlal grants you and your divine allies immunity to clouds.
You are now surrounded by a storm.
Are you sure you want to abandon this character and quit the game? (Confirm with "yes".)

#+#######.(.....#
#.........+.......# #
....≈.....≈≈.... #≈
.≈.≈≈≈...≈....
#..≈≈≈≈≈≈≈≈≈..'#
#.≈≈≈≈≈≈≈≈≈≈≈≈.##.###
#.≈≈≈≈≈≈≈≈≈≈≈)......#
#≈≈≈≈≈♣≈♣≈≈≈.†###.#.#
#≈.≈≈≈.@♣≈≈≈..#
#≈.≈≈≈♣.≈≈≈≈≈†#
#≈.≈≈≈≈≈≈≈≈≈≈.# ####
#.≈≈≈≈≈≈≈≈≈≈≈.# #..
#.≈≈≈≈≈≈≈≈≈≈≈.###.#####
#..≈≈.≈...≈.......#...#
#.≈.≈.≈.≈....≈##..#.#.##
##########.......#.#...
######....####


There were no monsters in sight!

Vanquished Creatures
  An adder (D:2)
  A dart slug (D:2)
  2 leopard geckos
  A bat (D:2)
  A goblin (D:2)
  2 hobgoblins (D:2)
  2 frilled lizards (D:2)
  2 kobolds
  6 rats
18 creatures vanquished.

Notes
Turn   | Place    | Note
-------+----------+-------------------------------------------
     0 | D:1      | Flugslaktarn the Octopode Ice Elementalist began the quest
                  | for the Orb.
     0 | D:1      | Reached XP level 1. HP: 11/11 MP: 3/3
    64 | D:2      | Reached XP level 2. HP: 9/17 MP: 1/5
   204 | D:2      | Found a glowing silver altar of Zin.
   247 | D:2      | Reached XP level 3. HP: 9/21 MP: 4/6
   252 | D:2      | Learned a level 3 spell: Frozen Ramparts
   264 | D:2      | Found a faded altar of an unknown god.
   292 | D:2      | Became a worshipper of Qazlal Stormbringer
   292 | D:2      | Reached * piety under Qazlal
   293 | D:2      | Quit the game

Illustrated notes

Levels and vault maps discovered:
D:1:      lightli_arrival_boilingwater, layout_rooms
D:2:      layout_basic, lemuel_round_altar, chequers_ecumenical_altar_island

Action                   || total
-------------------------++-------
Melee: Dagger            ||     7
       Constrict         ||     5
       Tentacles         ||     2
       Unarmed           ||     1
       Quarterstaff      ||     9
Throw: Stone             ||     1
 Cast: Freeze            ||    12
       Frozen Ramparts   ||     1
  Use: Potion            ||     1
Armor: Skin              ||     2
Dodge: Dodged            ||    19

Table legend:
 A = Non-vault XP
 B = Vault XP
 C = Vault XP percentage of total XP
 D = Non-vault monster count
 E = Vault monster count
 F = Vault count percentage of total count
                 A         B        C        D         E       F
            +---------+---------+-------+---------+---------+-------
      Total |      41 |       0 |   0.0 |      18 |       0 |   0.0
            +---------+---------+-------+---------+---------+-------
        D:1 |       6 |       0 |   0.0 |       4 |       0 |   0.0
        D:2 |      35 |       0 |   0.0 |      14 |       0 |   0.0
            +---------+---------+-------+---------+---------+-------
